 Dungeon Crawl Stone Soup version 0.31-a0-303-gdc8c9485ea (webtiles) character file.

Game seed: 3060640755358286875

540 spaghetti the Trooper (level 7, -3/67 HPs)
             Began as a Naga Shapeshifter on July 17, 2023.
             Slain by an orc warrior
             ... wielding a +0 war axe of flaming
              (5 damage)
             ... on level 4 of the Dungeon.
             The game lasted 00:07:24 (3692 turns).

spaghetti the Trooper (Naga Shapeshifter)           Turns: 3692, Time: 00:07:25

Health: -3/67      AC: 11    Str: 19    XL:     7   Next: 26%
Magic:  7/7        EV:  4    Int:  8    God:
Gold:   117        SH:  0    Dex: 18    Spells: 6/6 levels left

rFire   . . .        j - +2 rapier (venom) {short}
rCold   . . .        (no shield)
rNeg    . . .        p - +0 plate armour
rPois   +            (helmet currently unavailable)
rElec   .            (cloak currently unavailable)
rCorr   .            (gloves currently unavailable)
SInv    +            (no barding)
Will    .....        (no amulet) Stlth
                     G - +6 ring of dexterity
HPRegen 0.31/turn    E - +4 ring of protection
MPRegen 0.10/turn

%: no passive effects
@: short of breath, beast-form, hasted, quick
A: beast (slay +2), AC +2, large, see invisible, deformed body, poison
resistance, slowness 2, spit poison 1, naga tail 1
a: Spit Poison, Begin Untransformation


You were on level 4 of the Dungeon.
You were a hulking beast.
You visited 1 branch of the dungeon, and saw 4 of its levels.

You collected 182 gold pieces.
You spent 65 gold pieces at shops.


Innate Abilities, Weirdness & Mutations

You are a hulking beast.
Your limbs bulge with bestial killing power. (Slay +2)
Your serpentine skin is tough. (AC +2)
You have supernaturally acute eyesight. (SInv)
Armour fits poorly on your strangely shaped body.
Your system is resistant to poisons. (rPois)
You cover ground very slowly.
You can spit poison.
You have a snake-like lower body.


   Skills:
 + Level 5.4 Fighting
 + Level 4.1 Dodging
 - Level 2.7 Unarmed Combat
 - Level 3.4 Shapeshifting


You had 6 spell levels left.
You didn't know any spells.
Your spell library contained the following spells:

 Spells                   Type           Power      Damage    Failure   Level
 Apportation              Tloc           0%         N/A       100%        1
 Necrotise                Necr           0%         1d4       100%        1
 Summon Small Mammal      Summ           0%         N/A       100%        1

Inventory:

Hand Weapons
 e - a +0 club {mace}
   (You found it on level 4 of the Dungeon)
 g - a +0 dagger {short}
   (You took it off a kobold on level 4 of the Dungeon)
 i - a +0 spear {polearm}
   (You found it on level 4 of the Dungeon)
 j - a +2 rapier of venom (weapon) {short}
   (You took it off a kobold on level 4 of the Dungeon)
Missiles
 k - 32 stones {throwing}
 o - 13 poisoned darts {throwing}
 r - 5 boomerangs of dispersal {=f!fthrowing}
Armour
 a - a +0 animal skin
 h - a +1 cloak
   (You found it on level 1 of the Dungeon)
 p - a +0 plate armour (worn)
   (You found it on level 4 of the Dungeon)
Jewellery
 E - a +4 ring of protection (right hand)
   (You found it on level 4 of the Dungeon)
 G - a +6 ring of dexterity (left hand)
   (You found it on level 2 of the Dungeon)
Talismans
 c - a beast talisman
Scrolls
 d - 2 scrolls of enchant weapon
 f - a scroll of teleportation {@r4}
 n - 3 scrolls of blinking {!r}
 q - 3 scrolls of fog
 D - 2 scrolls of identify {@r1}
 L - 2 scrolls of poison
Potions
 b - 2 potions of heal wounds {unknown}
 l - a potion of resistance {unknown}
 m - a potion of brilliance {unknown}
 x - a potion of curing {unknown}
 z - a potion of invisibility {unknown}
 B - a potion of cancellation {unknown}
 F - a potion of enlightenment

Dungeon Overview and Level Annotations

Branches:
Dungeon (4/15) Zot: 19450
 Temple: D:4-7

Altars:
Ashenzari
Kikubaaqudgha
Qazlal
Ru
Sif Muna
Xom

Shops:
D:2

(*!= ......######.##
###.#.######<# #
#..........# #
#...########
....#......!.## ##
#.#########...## ..#
#.# #....###.. #
###...#o# ##..h#
###.).# #.##....#
#.###.:_# #.#.##..#
#.#.# #### #.#.# #.#
##########.#.####.#
##.................#


You could see an orc warrior (extremely poisoned).


Message History

The orc wizard shouts!
You see here a murky emerald potion.
An orc wizard is nearby!
Found a shimmering blue altar of Sif Muna.
The orc wizard gestures at you while chanting.
You easily resist.
The orc wizard gestures at you while chanting.
You easily resist.
The orc wizard gestures wildly while chanting.
The orc wizard flickers and vanishes for a moment.
You hear a shout!
The orc wizard hits you but does no damage. x2
You hit the orc wizard but do no damage.
The orc wizard is poisoned.
An orc warrior comes into view. It is wielding a +0 war axe of flaming.
The orc wizard hits you but does no damage.
You puncture the orc wizard!
The orc wizard looks as sick as possible!
You punch the orc wizard.
You kill the orc wizard!
The orc warrior hits you but does no damage.
You hit the orc warrior.
The orc warrior is poisoned.
Your punch misses the orc warrior.
The orc warrior hits you with a +0 war axe of flaming.
The orc warrior burns you. 😕 HP[-8]
You take 8 damage, and now have 59/67 hp.
You are too injured to fight recklessly!
You are too injured to fight recklessly!
You are too injured to fight recklessly!
You are too injured to fight recklessly!
You are too injured to fight recklessly!
You are too injured to fight recklessly!
You are too injured to fight recklessly!
You are too injured to fight recklessly!
You are too injured to fight recklessly!
You are too injured to fight recklessly!
You are too injured to fight recklessly!
You are too injured to fight recklessly!
You are too injured to fight recklessly!
You are too injured to fight recklessly!
You are too injured to fight recklessly!
An orc warrior is nearby!
You hit the orc warrior but do no damage.
The orc warrior looks as sick as possible!
The orc warrior hits you with a +0 war axe of flaming!
The orc warrior burns you. 😮 HP[-16]
You take 16 damage, and now have 43/67 hp.
MASSIVE DAMAGE!! (PAUSE) Unknown command.
You hit the orc warrior.
The orc warrior hits you with a +0 war axe of flaming.
The orc warrior burns you. 😮 HP[-4]
You take 4 damage, and now have 39/67 hp.
You hit the orc warrior but do no damage.
The orc warrior looks as sick as possible!
The orc warrior hits you with a +0 war axe of flaming.
The orc warrior burns you. 😮 HP[-5]
You take 5 damage, and now have 34/67 hp.
You closely miss the orc warrior.
The orc warrior hits you with a +0 war axe of flaming.
* * * LOW HITPOINT WARNING * * *
The orc warrior burns you.
* * * LOW HITPOINT WARNING * * *
The orc warrior hits you with a +0 war axe of flaming!
* * * LOW HITPOINT WARNING * * *
The orc warrior burns you.
* * * LOW HITPOINT WARNING * * *
😱 HP[-18]
You take 18 damage, and now have 16/67 hp.
MASSIVE DAMAGE!! (PAUSE) Unknown command.
Aiming: Spit Poison (1% risk of failure)
Press: ? - help, Shift-Dir - straight line, f - orc warrior
Aim: an orc warrior, wielding a +0 war axe of flaming and wearing a +0 chain mail (severely wounded, extremely poisoned, 54% to hit)
The splash of poison misses the orc warrior.
The orc warrior hits you with a +0 war axe of flaming!
* * * LOW HITPOINT WARNING * * *
The orc warrior burns you.
* * * LOW HITPOINT WARNING * * *
😱 HP[-10]
You take 10 damage, and now have 6/67 hp.
Unknown command.
Unknown command.
You hit the orc warrior but do no damage.
The orc warrior looks as sick as possible!
The orc warrior hits you with a +0 war axe of flaming.
* * * LOW HITPOINT WARNING * * *
The orc warrior burns you.
* * * LOW HITPOINT WARNING * * *
😱 HP[-4]
You take 4 damage, and now have 2/67 hp.
Okay, then.
Okay, then.
It was a potion of haste.
You feel yourself speed up.
The orc warrior hits you with a +0 war axe of flaming.
You die...

Skill      XL: |  1  2  3  4  5  6 |
---------------+-------------------+-----
Fighting       | 3 4 5 |  5.4
Dodging        | 2 3 4 |  4.1
Unarmed Combat | |  2.7
Shapeshifting  | |  3.4

Action                     |  1- 3 |  4- 6 |  7- 9 || total
---------------------------+-------+-------+-------++-------
  Melee: Unarmed           |   102 |   175 |       ||   277
         Punch             |     2 |     5 |     2 ||     9
         Rapier            |       |     4 |    22 ||    26
Ability: Spit Poison       |     6 |     6 |     1 ||    13
    Use: Scroll            |       |     8 |       ||     8
         Potion            |       |     1 |     1 ||     2
   Stab: Sleeping          |     1 |     2 |       ||     3
 Armour: Animal skin       |    20 |    56 |     5 ||    81
         Skin              |       |    18 |       ||    18
         Plate armour      |       |       |     4 ||     4
  Dodge: Dodged            |    50 |   103 |    14 ||   167

Levels and vault maps discovered:
D:1:      scummos_arrival_simple_fountains, layout_loops_ring
D:2:      layout_rooms, serial_shops, shop, shop, nicolae_shop_advertising_works
          [nicolae_subvault_shop_adworks], shop, minmay_tall_x
D:3:      layout_rooms, nicolae_qazlal_style_of_elements,
          mainiacjoe_overflow_boulevard, nicolae_ru_sacrificial_ziggurat,
          kennysheep_vampire_church
D:4:      layout_loops_ring, nzn_overflow_gifts_of_might_and_magic,
          lemuel_round_altar, nrook_loot_triangle

Notes
Turn   | Place    | Note
-------+----------+-------------------------------------------
     0 | D:1      | spaghetti the Naga Shapeshifter began the quest for the
                  | Orb.
     0 | D:1      | Reached XP level 1. HP: 19/19 MP: 1/1
     0 | D:1      | magus.rc [v1.9.6]
   111 | D:1      | HP: 4/19 [goblin/+0 club (2)]
   208 | D:1      | Reached XP level 2. HP: 25/26 MP: 2/2
   285 | D:1      | HP: 3/26 [gnoll/+0 flail (5)]
   397 | D:1      | Reached XP level 3. HP: 31/33 MP: 3/3
   945 | D:2      | Found Geleqac's Assorted Antiques.
   945 | D:2      | Found Dieskosh's Weapon Shoppe.
  1292 | D:2      | Reached XP level 4. HP: 27/40 MP: 4/4
  1337 | D:2      | Reached skill level 3 in Fighting
  1337 | D:2      | Reached skill level 2 in Dodging
  1413 | D:2      | Found Rapsehun's Distillery.
  1422 | D:2      | Bought a potion of enlightenment for 65 gold pieces
  1473 | D:2      | Found Qempef's Jewellery Shoppe.
  1895 | D:3      | Found a broken altar of Ashenzari.
  1901 | D:3      | Reached XP level 5. HP: 47/49 MP: 5/5
  1999 | D:3      | Found a stormy altar of Qazlal.
  2002 | D:3      | Noticed a water elemental
  2004 | D:3      | Noticed an air elemental
  2004 | D:3      | Noticed a fire elemental
  2034 | D:3      | Found a sacrificial altar of Ru.
  2396 | D:3      | Found an ancient bone altar of Kikubaaqudgha.
  2423 | D:3      | Reached skill level 4 in Fighting
  2661 | D:4      | Noticed a phantom
  2675 | D:3      | Killed a phantom
  2676 | D:3      | Reached skill level 3 in Dodging
  2676 | D:3      | Reached XP level 6. HP: 43/58 MP: 6/6
  2754 | D:3      | HP: 18/87 [sleepcap (4)]
  3316 | D:4      | Found a shimmering altar of Xom.
  3368 | D:4      | You pick up a book of Cantrips and begin reading...
  3368 | D:4      | You add the spells Necrotise, Summon Small Mammal and
                  | Apportation to your library.
  3566 | D:4      | Reached skill level 5 in Fighting
  3566 | D:4      | Reached skill level 4 in Dodging
  3566 | D:4      | Reached XP level 7. HP: 67/67 MP: 7/7
  3678 | D:4      | Found a shimmering blue altar of Sif Muna.
  3689 | D:4      | HP: 16/67 [orc warrior/+0 war axe of flaming (4)]
  3690 | D:4      | HP: 6/67 [orc warrior/+0 war axe of flaming (3)]
  3691 | D:4      | HP: 2/67 [orc warrior/+0 war axe of flaming (1)]
  3692 | D:4      | Slain by an orc warrior

Vanquished Creatures
  An ogre (D:4)
  A phantom (D:3)
  A vampire bat (D:3)
  2 howler monkeys
  A sleepcap (D:3)
  An orc wizard (D:4)
  7 adders
  5 gnolls
  3 worms
  6 ball pythons
  6 bats
  2 bat skeletons (D:3)
  4 bat zombies (D:3)
  5 endoplasms
  7 giant cockroaches
  7 goblins
  6 hobgoblins
  10 jackals
  6 quokkas
  5 frilled lizards
  11 kobolds
  7 rats
104 creatures vanquished.

Table legend:
 A = Non-vault XP
 B = Vault XP
 C = Vault XP percentage of total XP
 D = Non-vault monster count
 E = Vault monster count
 F = Vault count percentage of total count
                 A         B        C        D         E       F
            +---------+---------+-------+---------+---------+-------
      Total |     661 |     111 |  14.4 |      92 |      12 |  11.5
            +---------+---------+-------+---------+---------+-------
        D:1 |      68 |       0 |   0.0 |      32 |       0 |   0.0
        D:2 |      86 |       7 |   7.5 |      22 |       4 |  15.4
        D:3 |     258 |      69 |  21.1 |      24 |       7 |  22.6
        D:4 |     249 |      35 |  12.3 |      14 |       1 |   6.7
            +---------+---------+-------+---------+---------+-------

Skill      XL: |  1  2  3  4  5  6 |
---------------+-------------------+-----
Fighting       | 3 4 5 |  5.4
Dodging        | 2 3 4 |  4.1
Unarmed Combat | |  2.7
Shapeshifting  | |  3.4

Action                     |  1- 3 |  4- 6 |  7- 9 || total
---------------------------+-------+-------+-------++-------
  Melee: Unarmed           |   102 |   175 |       ||   277
         Punch             |     2 |     5 |     2 ||     9
         Rapier            |       |     4 |    22 ||    26
Ability: Spit Poison       |     6 |     6 |     1 ||    13
    Use: Scroll            |       |     8 |       ||     8
         Potion            |       |     1 |     1 ||     2
   Stab: Sleeping          |     1 |     2 |       ||     3
 Armour: Animal skin       |    20 |    56 |     5 ||    81
         Skin              |       |    18 |       ||    18
         Plate armour      |       |       |     4 ||     4
  Dodge: Dodged            |    50 |   103 |    14 ||   167

Illustrated notes

Table legend:
 A = Kills in this place as a percentage of kills in the entire game.
 B = Kills by you in this place as a percentage of kills by you in the entire game.
 C = Kills by friends in this place as a percentage of kills by friends in the entire game.
 D = Other kills in this place as a percentage of other kills in the entire game.
 E = Experience gained in this place as a percentage of experience gained in the entire game.
 F = Experience gained in this place divided by the number of levels of this place that you have seen.
                   A       B       C       D       E      F
               +-------+-------+-------+-------+-------+----------------------
         Total | 100.0 | 100.0 |   N/A |   N/A | 100.0 | 193.0
       Dungeon | 100.0 | 100.0 |   N/A |   N/A | 100.0 | 193.0
               +-------+-------+-------+-------+-------+----------------------

Table legend: (Time is in decaauts)
 A = Elapsed time spent in this place.
 B = Non-inter-level travel time spent in this place.
 C = Inter-level travel time spent in this place.
 D = Time resting spent in this place.
 E = Time spent auto-exploring this place.
 F = Levels seen in this place.
 G = Mean time per level.
                   A        B        C        D        E       F      G
               +--------+--------+--------+--------+--------+-----+--------+
         Total |   4548 |   4383 |    165 |    570 |   2915 |   4 | 1137.0 |
       Dungeon |   4548 |   4383 |    165 |    570 |   2915 |   4 | 1137.0 |
               +--------+--------+--------+--------+--------+-----+--------+

Top non-repeatable levels by time:
     D:3: 1411 daAuts
     D:1: 1408 daAuts
     D:2: 886 daAuts
     D:4: 841 daAuts
